 Dungeon Crawl Stone Soup version 0.31-a0-841-g038b102fc3 (webtiles) character file.

Game seed: 4006258888751295187

126 kiwi3s the Chopper (level 4, -1/41 HPs)
             Began as a Minotaur Berserker on Sept 27, 2023.
             Was a Believer of Trog.
             Killed by nerve-wracking pain
             ... invoked by Grinder
              (14 damage)
             ... on level 3 of the Dungeon.
             The game lasted 00:02:46 (1717 turns).

kiwi3s the Chopper (Minotaur Berserker)             Turns: 1717, Time: 00:02:47

Health: -1/41      AC: 12    Str: 23    XL:     4   Next: 84%
Magic:  3/3        EV:  7    Int:  4    God:    Trog [**....]
Gold:   99         SH:  0    Dex: 10    Spells: 3/3 levels left

rFire   . . .        a - +0 hand axe
rCold   . . .        (no shield)
rNeg    . . .        d - +0 plate armour
rPois   .            (helmet restricted)
rElec   .            (no cloak)
rCorr   .            (no gloves)
SInv    .            p - +0 pair of boots
Will    .....        (no amulet) Stlth
                     (no ring)
HPRegen 0.26/turn    (no ring)
MPRegen 0.08/turn

%: no passive effects
@: about to teleport, on berserk cooldown, slowed, very slow
A: horns 2, retaliatory headbutt
a: Renounce Religion, Berserk, Trog's Hand


You were on level 3 of the Dungeon.
You worshipped Trog.
Trog was pleased with you.
You visited 1 branch of the dungeon, and saw 3 of its levels.

You collected 99 gold pieces.

Inventory:

Hand Weapons
 a - a +0 hand axe (weapon)
Missiles
 j - 6 boomerangs
Armour
 b - a +0 animal skin
 d - a +0 plate armour (worn)
 p - a +0 pair of boots (worn)
Jewellery
 f - a ring of protection from cold
Wands
 n - a wand of charming (4)
Scrolls
 k - a scroll of summoning {unknown}
 m - a scroll of identify {unknown}
Potions
 c - a potion of heal wounds {unknown}
 e - a potion of brilliance {unknown}
 h - 2 potions of haste {unknown}
 i - a potion of attraction {unknown}
 l - a potion of cancellation {unknown}
 o - a potion of curing {unknown}
 q - 2 potions of invisibility {unknown}


   Skills:
 + Level 4.6 Fighting
 + Level 4.6 Axes
 + Level 3.7 Armour
 + Level 3.3 Dodging


You had 3 spell levels left.
You didn't know any spells.
Your spell library was empty.

Dungeon Overview and Level Annotations

Branches:
Dungeon (3/15)

Altars:

Annotations:
D:3 Grinder


Innate Abilities, Weirdness & Mutations

You have a pair of horns on your head.
You reflexively headbutt those who attack you in melee.


Message History

You feel yourself moving faster!
You feel mighty!
Grinder blinks!
You feel a strong urge to attack something.
The worm attacks as it pursues you! The worm closely misses you.
You hit the worm.
The worm is heavily wounded.
Grinder blinks!
You slash the worm!
You kill the worm!
Trog accepts your kill.
Found a stone staircase leading down.
You feel a strong urge to attack something.
Grinder gestures at you. Pain shoots through your body!
You slash Grinder!
Grinder is moderately wounded.
Grinder hits you.
You writhe in agony.
You barely miss Grinder.
Grinder is moderately wounded.
Unknown command.
You barely miss Grinder. Your headbutt misses Grinder.
Grinder is moderately wounded.
Grinder grins, showing sharp teeth.
Grinder blinks!
You are no longer berserk.
You are exhausted.
You feel yourself slow down. Grinder hits you but does no damage.
You hit Grinder.
Grinder is moderately wounded.
Grinder gestures at you. Pain shoots through your body!
* * * LOW HITPOINT WARNING * * *
Grinder hits you but does no damage.
As you read the scroll labelled OLLUEFUE WEMU, it crumbles to dust.
You feel strangely unstable.
It was a scroll of teleportation.
Grinder hits you but does no damage. Grinder gestures at you.
Pain shoots through your body!
You die...
Grinder says, "Now the real fun starts!"

#..# #### #..###.. .
#...##.# >.
###...$..# .# ##
#........###..#...
#.................
#.<5......##..?...
#................#
#...@.#..†##.....###
#..#.###.###.......
#..#.###.# #.....# #.
#.....# #.....# #.
####..###.....# #
.###..........#
.............#.####
..###.###..........
#.#####.####.#.######


You could see Grinder.

Vanquished Creatures
  Jessica (D:2)
  Natasha (twice) (D:2)
  An adder (D:2)
  A worm (D:3)
  A dart slug (D:1)
  3 endoplasms
  2 giant cockroaches (D:1)
  3 goblins (D:1)
  3 hobgoblins
  3 kobolds
  2 quokkas (D:2)
  4 ball pythons (D:1)
  4 bats
  2 frilled lizards (D:1)
  7 rats
39 creatures vanquished.

Notes
Turn   | Place    | Note
-------+----------+-------------------------------------------
     0 | D:1      | kiwi3s the Minotaur Berserker began the quest for the Orb.
     0 | D:1      | Reached XP level 1. HP: 19/19 MP: 0/0
   159 | D:1      | Reached XP level 2. HP: 25/27 MP: 1/1
   606 | D:1      | Reached ** piety under Trog
   699 | D:2      | Noticed Natasha
   703 | D:2      | Killed Natasha
   704 | D:2      | Reached XP level 3. HP: 25/33 MP: 2/2
   854 | D:2      | Found a faded altar of an unknown god.
  1049 | D:2      | Noticed Jessica
  1054 | D:2      | Killed Jessica
  1054 | D:2      | Noticed Natasha
  1055 | D:2      | Reached XP level 4. HP: 36/41 MP: 3/3
  1061 | D:2      | Killed Natasha
  1694 | D:3      | Noticed Grinder
  1698 | D:3      | Paralysed by Grinder for 3 turns
  1717 | D:3      | Killed from afar by Grinder

Illustrated notes

Levels and vault maps discovered:
D:1:      saegor_arrival_simple_a, layout_loops_ring
D:2:      layout_basic, serial_glass, glass_columns_a, glass_columns_b,
          glass_columns_a, glass_columns_a, glass_columns_c,
          shapermc_ecumenical_altar_flowoftime, uniq_natasha, uniq_jessica
D:3:      layout_loops_ring, lemuel_tele_altar, tgw_sif, uniq_grinder

Skill      XL: |  1  2  3 |
---------------+----------+-----
Fighting       | 4 |  4.6
Axes           | 4 |  4.6
Armour         | 3 |  3.7
Dodging        | 3 |  3.3

Action                     |  1- 3 |  4- 6 || total
---------------------------+-------+-------++-------
  Melee: Hand axe          |    57 |    20 ||    77
         Headbutt          |     8 |     2 ||    10
 Invoke: Berserk           |       |     1 ||     1
    Use: Scroll            |       |     1 ||     1
   Stab: Sleeping          |     1 |       ||     1
 Armour: Animal skin       |    32 |     1 ||    33
         Plate armour      |       |     8 ||     8
  Dodge: Dodged            |    35 |    10 ||    45

Table legend: (Time is in decaauts)
 A = Elapsed time spent in this place.
 B = Non-inter-level travel time spent in this place.
 C = Inter-level travel time spent in this place.
 D = Time resting spent in this place.
 E = Time spent auto-exploring this place.
 F = Levels seen in this place.
 G = Mean time per level.
                   A        B        C        D        E       F      G
               +--------+--------+--------+--------+--------+-----+--------+
         Total |   1721 |   1636 |     85 |      0 |   1382 |   3 |  573.7 |
       Dungeon |   1721 |   1636 |     85 |      0 |   1382 |   3 |  573.7 |
               +--------+--------+--------+--------+--------+-----+--------+

Top non-repeatable levels by time:
     D:2: 980 daAuts
     D:1: 694 daAuts
     D:3: 46 daAuts
